Little Stars vs Eagles

Created - January 12, 2022 at 19:18

Goals
1 2 3 T
Little Stars 0 1 1 2
Eagles 0 1 2 3
Shots
1 2 3 T
Little Stars 10 11 16 37
Eagles 2 15 11 28

1st period

No Goal

Penalties :
No Penalty

2nd period

1. Eagles , Daniel Carr 9 (John Ramage 6, Dmitrij Jaskin 8) at 5:52
2. Little Stars , Joakim Nygard 2 (Tyler Wotherspoon 10, Reece Willcox 7) at 10:07

Penalties :
Matt Luff (Tex) for Hooking (Minor) at 11:08, Reece Willcox (Tex) for Slashing (Minor) at 17:02

3rd period

3. Eagles , Dmitrij Jaskin 10 (Jonathan Marchessault 10, Daniel Carr 12) at 6:26
4. Eagles , Tomas Tatar 7 (Ryan Murphy 1) at 8:16
5. Little Stars , Jordan LaVallee 11 (Daniel O'regan 17) at 10:27

Penalties :
Tomas Tatar (Col) for Roughing (Minor) at 3:08, Sebastian Wannstrom (Tex) for Hooking (Minor) at 11:28, Henrik Borgstrom (Tex) for Holding (Minor) at 16:38

Goalie Stats

Connor Knapp (Tex), 25 saves from 28 shots - (0.893), L, 7-2-0, 58:54 minutes
Antoine Bibeau (Col), 35 saves from 37 shots - (0.946), W, 3-0-0, 60:00 minutes

Players Stats for Little Stars

Player Name              G  A  P  +/- PIM S  H  SB GA TA FO     MP     PP MP  PK MP  
------------------------------------------------------------------------------------
Adam Tambellini          0  0  0  -2  0   5  2  1  0  0  1/1    17:56   0:57   3:23 
Anton Cederholm          0  0  0  -1  0   1  1  3  0  2  0/0    28:17   0:42   3:23 
Daniel O'regan           0  1  1   0  0   3  0  2  0  0  10/25  22:00   1:02   3:17 
Eric Knodel              0  0  0  -1  0   1  0  1  0  0  0/0    27:02   0:48   2:49 
Henrik Borgstrom         0  0  0  -2  2   0  0  0  1  0  6/12   15:08   0:52   0:52 
Ilya Mikheyev            0  0  0   0  0   4  1  1  0  0  1/3    19:02   1:02   0:05 
Jason Dickinson          0  0  0   1  0   3  0  0  1  0  2/7    13:34   0:05   2:56 
Joakim Nygard            1  0  1   1  0   2  0  1  0  1  0/0    11:54   0:00   1:08 
Jordan LaVallee          1  0  1   0  0   5  1  0  2  0  0/2    21:59   1:02   3:16 
Matt Luff                0  0  0   0  2   1  1  0  0  0  0/0     8:12   0:00   0:00 
Michael Mersch           0  0  0   0  0   5  1  0  1  0  0/0     7:58   0:00   0:09 
Reece Willcox            0  1  1  -1  2   1  2  2  0  1  0/0    18:41   0:48   2:18 
Roman Horak              0  0  0   0  0   2  1  0  0  0  3/3     9:21   0:00   0:51 
Sebastian Wannstrom      0  0  0  -2  2   2  1  0  1  0  1/1    14:34   0:57   0:00 
Tucker Poolman           0  0  0  -1  0   1  1  2  0  0  0/0    17:49   0:29   1:39 
Tyler Wotherspoon        0  1  1   1  0   0  0  1  0  0  0/0    17:14   1:11   4:50 
Ville Pokka              0  0  0   1  0   1  2  0  0  0  0/0    10:41   0:00   0:48 
Zach Budish              0  0  0   1  0   0  1  0  0  0  0/0    10:38   0:00   0:00 

Players Stats for Eagles

Player Name              G  A  P  +/- PIM S  H  SB GA TA FO     MP     PP MP  PK MP  
------------------------------------------------------------------------------------
Connor Carrick           0  0  0  -1  0   2  0  1  0  0  0/0    11:16   0:51   0:00 
Daniel Carr              1  1  2   0  0   4  0  1  0  0  1/3    25:20   4:11   0:59 
Dmitrij Jaskin           1  1  2   0  0   4  2  0  0  1  0/0    21:57   4:11   0:00 
Drake Caggiula           0  0  0   1  0   2  2  0  2  1  3/8    19:53   2:44   0:49 
Jared McCann             0  0  0   0  0   2  2  2  0  0  3/3    15:03   0:18   0:00 
Joel Edmundson           0  0  0   0  0   1  0  0  0  1  0/0    24:59   3:56   0:59 
John Ramage              0  1  1   2  0   0  1  1  0  1  0/0    18:26   4:00   1:00 
Jonathan Marchessault    0  1  1   0  0   2  2  2  1  0  17/32  21:57   4:11   0:00 
Jonathan Racine          0  0  0   0  0   0  0  0  0  0  0/0     6:13   0:00   0:00 
Joseph Blandisi          0  0  0   0  0   1  1  2  0  0  1/1    13:16   0:51   0:58 
Matteson Iacopelli       0  0  0   1  0   0  2  2  0  0  0/0    19:04   2:44   0:00 
Michael Dal Colle        0  0  0   0  0   0  1  1  0  0  0/0     4:51   0:00   0:29 
Pius Suter               0  0  0   0  0   0  0  0  0  0  0/0     0:56   0:31   0:00 
Ryan Murphy              0  1  1   2  0   0  0  2  0  0  0/0    18:26   4:00   1:00 
Sam Steel                0  0  0   0  0   0  0  0  0  0  0/0     0:55   0:00   0:43 
Stefan Elliott           0  0  0   0  0   5  2  1  0  1  0/0    24:59   3:56   0:59 
Thomas Chabot            0  0  0  -1  0   0  0  2  0  0  0/0    10:22   0:00   0:00 
Tomas Tatar              1  0  1   1  2   4  1  0  1  1  0/0    19:04   2:44   0:00 
Tyler Motte              0  0  0   0  0   0  0  0  0  0  1/1     3:17   0:32   0:00 
Xavier Ouellet           0  0  0   0  0   0  0  0  0  0  0/0     6:13   0:00   0:00 
Zach Aston-Reese         0  0  0   0  0   1  0  0  0  0  4/6    11:33   0:00   0:00 

3 Stars

1 - Dmitrij Jaskin (Col)
2 - Antoine Bibeau (Col)
3 - Daniel Carr (Col)

Power Play

Little Stars - 0 on 1 Attempt(s) - 0.00%
Eagles - 0 on 4 Attempt(s) - 0.00%

Penalty Kill

Little Stars - 4 on 4 Attempt(s) - 100.00% - Score 0 goal in Penalty Kill
Eagles - 1 on 1 Attempt(s) - 100.00% - Score 0 goal in Penalty Kill

Team Stat

Little Stars - Hits : 15 - Faceoff Wins : 24 - Blocked Shots : 14 - Penalty Minutes : 8
Eagles - Hits : 16 - Faceoff Wins : 30 - Blocked Shots : 17 - Penalty Minutes : 2

Official

Referees : Frederick L'Ecuyer and Chris Rooney
Linesman : Shandor Alphonso and Steve Barton

Game Notes

No Game Note

Finance

Level 1 -- Attendance: 2000 (100.00%) -- Ticket Income $70,000
Level 2 -- Attendance: 871 (87.10%) -- Ticket Income $13,065
Total Attendance: 2871 (95.70%)
Total Ticket Income: $83,065
Other Income: $4,153
Total Income: $87,218

Little Stars

5 vs 5 Forward 
   Center                   Left Wing                Right Wing               Time % Phy DF OF 
 1 Daniel O'regan           Jordan LaVallee          Ilya Mikheyev            40     1   2  2  
 2 Henrik Borgstrom         Adam Tambellini          Sebastian Wannstrom      30     1   2  2  
 3 Jason Dickinson          Joakim Nygard            Zach Budish              20     1   2  2  
 4 Roman Horak              Michael Mersch           Matt Luff                10     1   2  2  

5 vs 5 Defense 
   Defense                  Defense                                           Time % Phy DF OF 
 1 Anton Cederholm          Eric Knodel                                       40     1   2  2  
 2 Reece Willcox            Tucker Poolman                                    30     1   2  2  
 3 Ville Pokka              Tyler Wotherspoon                                 20     1   2  2  
 4 Anton Cederholm          Eric Knodel                                       10     1   2  2  

PowerPlay Forward 
   Center                   Left Wing                Right Wing               Time % Phy DF OF 
 1 Daniel O'regan           Jordan LaVallee          Ilya Mikheyev            60     1   2  2  
 2 Henrik Borgstrom         Adam Tambellini          Sebastian Wannstrom      40     1   2  2  

PowerPlay Defense
   Defense                  Defense                                           Time % Phy DF OF 
 1 Anton Cederholm          Tyler Wotherspoon                                 60     1   2  2  
 2 Reece Willcox            Eric Knodel                                       40     1   2  2  

Penalty Kill 4 Players Forward 
   Center                   Wing                     Time % Phy DF OF 
 1 Daniel O'regan           Jordan LaVallee          60     1   2  2  
 2 Henrik Borgstrom         Adam Tambellini          40     1   2  2  

Penalty Kill 4 Players Defense
   Defense                  Defense                  Time % Phy DF OF 
 1 Anton Cederholm          Tyler Wotherspoon        60     1   2  2  
 2 Reece Willcox            Eric Knodel              40     1   2  2  

Penalty Kill - 3 Players Forward 
   Forward                                           Time % Phy DF OF 
 1 Daniel O'regan                                    60     1   2  2  
 2 Henrik Borgstrom                                  40     1   2  2  

Penalty Kill - 3 Players Defense
   Defense                  Defense                  Time % Phy DF OF 
 1 Anton Cederholm          Tyler Wotherspoon        60     1   2  2  
 2 Reece Willcox            Eric Knodel              40     1   2  2  

4 vs 4 Forward 
   Center                   Wing                     Time % Phy DF OF 
 1 Daniel O'regan           Jordan LaVallee          60     1   2  2  
 2 Henrik Borgstrom         Adam Tambellini          40     1   2  2  

4 vs 4 Defense
   Defense                  Defense                  Time % Phy DF OF 
 1 Anton Cederholm          Tyler Wotherspoon        60     1   2  2  
 2 Reece Willcox            Eric Knodel              40     1   2  2  

Last Minutes Offensive
   Center                   Left Wing                Right Wing               Defense                  Defense                  
   Daniel O'regan           Jordan LaVallee          Ilya Mikheyev            Anton Cederholm          Tyler Wotherspoon        

Last Minutes Defensive
   Center                   Left Wing                Right Wing               Defense                  Defense                  
   Daniel O'regan           Jordan LaVallee          Ilya Mikheyev            Anton Cederholm          Tyler Wotherspoon        

Goaltenders
Starting : Connor Knapp             
Backup : Dustin Tokarski          

Extra Forwards
Normal : Daniel O'regan, Sebastian Wannstrom, Zach Budish - PP : Daniel O'regan, Sebastian Wannstrom - PK : Daniel O'regan
Extra Defensemen
Normal : Tucker Poolman, Ville Pokka, Tyler Wotherspoon - PP : Tucker Poolman - PK : Tucker Poolman, Ville Pokka
Penalty Shots
Jordan LaVallee, Ilya Mikheyev, Adam Tambellini, Joakim Nygard, Daniel O'regan

Scratches
Daniil Tarasov (Healthy), Emile Poirier (Healthy), Jean-Christophe Beaudin (Healthy), Justin Auger (Healthy), Lawrence Pilut (Healthy)
Radel Fazleev (Healthy), Rudolfs Balcers (Healthy), Shane Gersich (Healthy), Yakov Trenin (Healthy), Frederic Allard (Healthy)
Joey Anderson (Healthy), Jonathan Dahlen (Healthy), Givani Smith (Healthy)

Eagles

5 vs 5 Forward 
   Center                   Left Wing                Right Wing               Time % Phy DF OF 
 1 Jonathan Marchessault    Daniel Carr              Dmitrij Jaskin           40     1   2  2  
 2 Drake Caggiula           Tomas Tatar              Matteson Iacopelli       30     1   2  2  
 3 Zach Aston-Reese         Joseph Blandisi          Jared McCann             20     1   2  2  
 4 Jared McCann             Michael Dal Colle        Daniel Carr              10     1   2  2  

5 vs 5 Defense 
   Defense                  Defense                                           Time % Phy DF OF 
 1 Joel Edmundson           Stefan Elliott                                    40     1   2  2  
 2 Ryan Murphy              John Ramage                                       30     1   2  2  
 3 Connor Carrick           Thomas Chabot                                     20     1   2  2  
 4 Jonathan Racine          Xavier Ouellet                                    10     1   2  2  

PowerPlay Forward 
   Center                   Left Wing                Right Wing               Time % Phy DF OF 
 1 Jonathan Marchessault    Daniel Carr              Dmitrij Jaskin           60     1   2  2  
 2 Drake Caggiula           Tomas Tatar              Matteson Iacopelli       40     1   2  2  

PowerPlay Defense
   Defense                  Defense                                           Time % Phy DF OF 
 1 Joel Edmundson           Stefan Elliott                                    60     1   2  2  
 2 Ryan Murphy              John Ramage                                       40     1   2  2  

Penalty Kill 4 Players Forward 
   Center                   Wing                     Time % Phy DF OF 
 1 Daniel Carr              Tomas Tatar              60     1   2  2  
 2 Jonathan Marchessault    Dmitrij Jaskin           40     1   2  2  

Penalty Kill 4 Players Defense
   Defense                  Defense                  Time % Phy DF OF 
 1 Joel Edmundson           Stefan Elliott           60     1   2  2  
 2 Ryan Murphy              John Ramage              40     1   2  2  

Penalty Kill - 3 Players Forward 
   Forward                                           Time % Phy DF OF 
 1 Daniel Carr                                       60     1   2  2  
 2 Tomas Tatar                                       40     1   2  2  

Penalty Kill - 3 Players Defense
   Defense                  Defense                  Time % Phy DF OF 
 1 Joel Edmundson           Stefan Elliott           60     1   2  2  
 2 Ryan Murphy              John Ramage              40     1   2  2  

4 vs 4 Forward 
   Center                   Wing                     Time % Phy DF OF 
 1 Daniel Carr              Tomas Tatar              60     1   2  2  
 2 Jonathan Marchessault    Dmitrij Jaskin           40     1   2  2  

4 vs 4 Defense
   Defense                  Defense                  Time % Phy DF OF 
 1 Joel Edmundson           Stefan Elliott           60     1   2  2  
 2 Ryan Murphy              John Ramage              40     1   2  2  

Last Minutes Offensive
   Center                   Left Wing                Right Wing               Defense                  Defense                  
   Jonathan Marchessault    Daniel Carr              Dmitrij Jaskin           Joel Edmundson           Stefan Elliott           

Last Minutes Defensive
   Center                   Left Wing                Right Wing               Defense                  Defense                  
   Jonathan Marchessault    Daniel Carr              Dmitrij Jaskin           Joel Edmundson           Stefan Elliott           

Goaltenders
Starting : Antoine Bibeau           
Backup : Marek Mazanek            

Extra Forwards
Normal : Tyler Motte, Pius Suter, Sam Steel - PP : Tyler Motte, Pius Suter - PK : Sam Steel
Extra Defensemen
Normal : Connor Carrick, Thomas Chabot, Jonathan Racine - PP : Connor Carrick - PK : Thomas Chabot, Jonathan Racine
Penalty Shots
Daniel Carr, Tomas Tatar, Jonathan Marchessault, Dmitrij Jaskin, Joseph Blandisi

Scratches
Anthony Duclair (Healthy), Chris Calhan (Healthy), Dominik Kubalik (Healthy), Mark Friedman (Healthy), Keaton Middleton (Healthy)
Max Lajoie (Healthy), Pascal Laberge (Healthy), Adin Hill (Healthy)

% Time on Ice - Little Stars

Lines # - Real PCT - Wanted PCT - Time Play
Normal Forward
1 - 35% - 40% - 17:15
2 - 27% - 30% - 13:25
3 - 21% - 20% - 10:25
4 - 16% - 10% - 7:49
Normal Defense
1 - 42% - 40% - 20:22
2 - 32% - 30% - 15:46
3 - 20% - 20% - 9:39
4 - 6% - 10% - 3:07
PP Forward
1 - 52% - 60% - 1:02
2 - 48% - 40% - 0:57
PP Defense
1 - 60% - 60% - 1:11
2 - 40% - 40% - 0:48
PK Forward
1 - 80% - 60% - 6:22
2 - 20% - 40% - 1:34
PK Defense
1 - 61% - 60% - 4:50
2 - 39% - 40% - 3:06
PK3 Forward
1 - 0% - 60%
2 - 0% - 40%
PK3 Defense
1 - 0% - 60%
2 - 0% - 40%
44 Forward
1 - 0% - 60%
2 - 0% - 40%
44 Defense
1 - 0% - 60%
2 - 0% - 40%
Last Minute Offensive  - 1:11
Last Minute Defensive  - 0:00
Total
Forward - 60:00
Defense - 60:00

% Time on Ice - Eagles

Lines # - Real PCT - Wanted PCT - Time Play
Normal Forward
1 - 34% - 40% - 16:40
2 - 33% - 30% - 16:20
3 - 24% - 20% - 11:33
4 - 9% - 10% - 4:22
Normal Defense
1 - 41% - 40% - 19:53
2 - 27% - 30% - 13:26
3 - 19% - 20% - 9:23
4 - 13% - 10% - 6:13
PP Forward
1 - 66% - 60% - 5:12
2 - 34% - 40% - 2:44
PP Defense
1 - 50% - 60% - 3:56
2 - 50% - 40% - 4:00
PK Forward
1 - 100% - 60% - 1:59
2 - 0% - 40% - 0:00
PK Defense
1 - 50% - 60% - 0:59
2 - 50% - 40% - 1:00
PK3 Forward
1 - 0% - 60%
2 - 0% - 40%
PK3 Defense
1 - 0% - 60%
2 - 0% - 40%
44 Forward
1 - 0% - 60%
2 - 0% - 40%
44 Defense
1 - 0% - 60%
2 - 0% - 40%
Last Minute Offensive  - 0:00
Last Minute Defensive  - 1:10
Total
Forward - 60:00
Defense - 60:00

Play-by-Play

1st period


0:01 of 1st period - Jonathan Marchessault wins face-off versus Daniel O'regan in neutral zone.
0:25 of 1st period - Drake Caggiula is hit by Adam Tambellini.
0:29 of 1st period - Anton Cederholm is hit by Matteson Iacopelli.
1:15 of 1st period - Snap shot by Michael Mersch.
1:15 of 1st period - Stopped by Antoine Bibeau with a rebound.
1:29 of 1st period - Thomas Chabot is hit by Ilya Mikheyev and loses puck.
1:51 of 1st period - Off-side.
1:52 of 1st period - Zach Aston-Reese wins face-off versus Daniel O'regan in neutral zone.
2:07 of 1st period - Wrist shot by Daniel O'regan.
2:07 of 1st period - Stopped by Antoine Bibeau with a rebound.
2:19 of 1st period - Daniel Carr is hit by Adam Tambellini and loses puck.
2:30 of 1st period - Wrist shot by Henrik Borgstrom.
2:30 of 1st period - Shot Blocked by Thomas Chabot.
2:42 of 1st period - Thomas Chabot is hit by Anton Cederholm and loses puck.
3:01 of 1st period - Zach Aston-Reese is hit by Matt Luff and loses puck.
3:16 of 1st period - Wrist shot by Jordan LaVallee.
3:16 of 1st period - Shot Misses the Net.
3:18 of 1st period - Slapshot by Ilya Mikheyev.
3:18 of 1st period - Stopped by Antoine Bibeau with a rebound.
3:20 of 1st period - Slapshot by Reece Willcox.
3:20 of 1st period - Deflect By Stefan Elliott.
3:20 of 1st period - Stopped by Antoine Bibeau with a rebound.
4:07 of 1st period - Xavier Ouellet is hit by Ville Pokka and loses puck.
4:46 of 1st period - Snap shot by Sebastian Wannstrom.
4:46 of 1st period - Deflect By Adam Tambellini.
4:46 of 1st period - Shot Misses the Net.
4:46 of 1st period - Puck is out of play.
4:47 of 1st period - Daniel O'regan wins face-off versus Drake Caggiula in Eagles zone.
4:56 of 1st period - Wrist shot by Jordan LaVallee.
4:56 of 1st period - Shot Misses the Net.
5:39 of 1st period - Wrist shot by Joseph Blandisi.
5:39 of 1st period - Shot Blocked by Tucker Poolman.
5:59 of 1st period - Snap shot by Jordan LaVallee.
5:59 of 1st period - Shot Misses the Net.
6:01 of 1st period - Snap shot by Jordan LaVallee.
6:01 of 1st period - Stopped by Antoine Bibeau without a rebound.
6:02 of 1st period - Jonathan Marchessault wins face-off versus Henrik Borgstrom in Eagles zone.
6:06 of 1st period - Off-side.
6:07 of 1st period - Sebastian Wannstrom wins face-off versus Jonathan Marchessault in neutral zone.
6:39 of 1st period - Snap shot by Tomas Tatar.
6:39 of 1st period - Shot Misses the Net.
7:03 of 1st period - Slapshot by Joel Edmundson.
7:03 of 1st period - Shot Blocked by Reece Willcox.
7:36 of 1st period - Tyler Wotherspoon is hit by Dmitrij Jaskin and loses puck.
7:51 of 1st period - Backhand shot by Daniel O'regan.
7:51 of 1st period - Stopped by Antoine Bibeau without a rebound.
7:52 of 1st period - Jonathan Marchessault wins face-off versus Daniel O'regan in Eagles zone.
8:15 of 1st period - Slapshot by Sebastian Wannstrom.
8:15 of 1st period - Shot Misses the Net.
8:17 of 1st period - Slapshot by Adam Tambellini.
8:17 of 1st period - Stopped by Antoine Bibeau without a rebound.
8:18 of 1st period - Adam Tambellini wins face-off versus Drake Caggiula in Eagles zone.
8:41 of 1st period - Snap shot by Henrik Borgstrom.
8:41 of 1st period - Shot Misses the Net.
8:54 of 1st period - Slapshot by Anton Cederholm.
8:54 of 1st period - Stopped by Antoine Bibeau without a rebound.
8:55 of 1st period - Daniel O'regan wins face-off versus Jonathan Marchessault in Eagles zone.
9:41 of 1st period - Wrist shot by Michael Mersch.
9:41 of 1st period - Shot Hit the Post.
9:49 of 1st period - Reece Willcox is hit by Drake Caggiula and loses puck.
10:00 of 1st period - Slapshot by Daniel Carr.
10:00 of 1st period - Shot Blocked by Reece Willcox.
10:32 of 1st period - Off-side.
10:33 of 1st period - Zach Aston-Reese wins face-off versus Jason Dickinson in neutral zone.
11:21 of 1st period - Off-side.
11:22 of 1st period - Jared McCann wins face-off versus Daniel O'regan in neutral zone.
11:37 of 1st period - Snap shot by Jordan LaVallee.
11:37 of 1st period - Shot Misses the Net.
11:56 of 1st period - Backhand shot by Drake Caggiula.
11:56 of 1st period - Stopped by Connor Knapp without a rebound.
11:57 of 1st period - Henrik Borgstrom wins face-off versus Jonathan Marchessault in Little Stars zone.
11:57 of 1st period - Henrik Borgstrom is hit by Jonathan Marchessault.
12:05 of 1st period - Wrist shot by Daniel Carr.
12:05 of 1st period - Stopped by Connor Knapp with a rebound.
13:09 of 1st period - Snap shot by Jared McCann.
13:09 of 1st period - Shot Misses the Net.
14:26 of 1st period - John Ramage is hit by Ville Pokka and loses puck.
14:57 of 1st period - Jason Dickinson is hit by Jared McCann and loses puck.
16:25 of 1st period - Tucker Poolman is hit by Michael Dal Colle and loses puck.
17:39 of 1st period - Wrist shot by Adam Tambellini.
17:39 of 1st period - Shot Misses the Net.
17:57 of 1st period - Jonathan Marchessault is hit by Zach Budish and loses puck.
18:56 of 1st period - Wrist shot by Adam Tambellini.
18:56 of 1st period - Stopped by Antoine Bibeau with a rebound.
19:34 of 1st period - Tyler Motte is hit by Reece Willcox and loses puck.
19:39 of 1st period - Snap shot by Jordan LaVallee.
19:39 of 1st period - Stopped by Antoine Bibeau without a rebound.
19:40 of 1st period - Tyler Motte wins face-off versus Daniel O'regan in Eagles zone.
Goals for this period are 0 for Little Stars vs 0 for Eagles.
Shots for this period are 10 for Little Stars vs 2 for Eagles.

2nd period


0:01 of 2nd period - Jonathan Marchessault wins face-off versus Daniel O'regan in neutral zone.
0:04 of 2nd period - Slapshot by Dmitrij Jaskin.
0:04 of 2nd period - Shot Misses the Net.
0:06 of 2nd period - Slapshot by Joel Edmundson.
0:06 of 2nd period - Stopped by Connor Knapp with a rebound.
0:08 of 2nd period - Wrist shot by Dmitrij Jaskin.
0:08 of 2nd period - Stopped by Connor Knapp with a rebound.
0:10 of 2nd period - Snap shot by Dmitrij Jaskin.
0:10 of 2nd period - Shot Blocked by Daniel O'regan.
0:12 of 2nd period - Wrist shot by Jonathan Marchessault.
0:12 of 2nd period - Stopped by Connor Knapp with a rebound.
0:14 of 2nd period - Snap shot by Jonathan Marchessault.
0:14 of 2nd period - Deflect By Ilya Mikheyev.
0:14 of 2nd period - Stopped by Connor Knapp without a rebound.
0:15 of 2nd period - Henrik Borgstrom wins face-off versus Jonathan Marchessault in Little Stars zone.
0:41 of 2nd period - Eric Knodel is hit by Stefan Elliott and loses puck.
1:11 of 2nd period - Slapshot by Reece Willcox.
1:11 of 2nd period - Deflect By Michael Mersch.
1:11 of 2nd period - Shot Blocked by Jared McCann.
1:11 of 2nd period - Puck is out of play.
1:12 of 2nd period - Jonathan Marchessault wins face-off versus Ilya Mikheyev in Eagles zone.
2:05 of 2nd period - Wrist shot by Roman Horak.
2:05 of 2nd period - Stopped by Antoine Bibeau with a rebound.
2:07 of 2nd period - Snap shot by Michael Mersch.
2:07 of 2nd period - Stopped by Antoine Bibeau without a rebound.
2:08 of 2nd period - Roman Horak wins face-off versus Jonathan Marchessault in Eagles zone.
2:09 of 2nd period - Wrist shot by Michael Mersch.
2:09 of 2nd period - Stopped by Antoine Bibeau with a rebound.
2:23 of 2nd period - Slapshot by Stefan Elliott.
2:23 of 2nd period - Stopped by Connor Knapp with a rebound.
2:54 of 2nd period - Snap shot by Roman Horak.
2:54 of 2nd period - Deflect By Michael Mersch.
2:54 of 2nd period - Shot Blocked by Joseph Blandisi.
2:54 of 2nd period - Puck is out of play.
2:55 of 2nd period - Daniel O'regan wins face-off versus Jonathan Marchessault in Eagles zone.
2:58 of 2nd period - Wrist shot by Jordan LaVallee.
2:58 of 2nd period - Shot Blocked by Ryan Murphy.
3:42 of 2nd period - Snap shot by Joakim Nygard.
3:42 of 2nd period - Shot Misses the Net.
4:04 of 2nd period - Wrist shot by Jordan LaVallee.
4:04 of 2nd period - Shot Misses the Net.
4:24 of 2nd period - Wrist shot by Sebastian Wannstrom.
4:24 of 2nd period - Stopped by Antoine Bibeau with a rebound.
4:26 of 2nd period - Wrist shot by Adam Tambellini.
4:26 of 2nd period - Shot Blocked by Matteson Iacopelli.
4:32 of 2nd period - Snap shot by Henrik Borgstrom.
4:32 of 2nd period - Deflect By Sebastian Wannstrom.
4:32 of 2nd period - Shot Misses the Net.
4:32 of 2nd period - Puck is out of play.
4:33 of 2nd period - Jonathan Marchessault wins face-off versus Jason Dickinson in Eagles zone.
4:46 of 2nd period - Snap shot by Dmitrij Jaskin.
4:46 of 2nd period - Shot Misses the Net.
4:48 of 2nd period - Wrist shot by Jonathan Marchessault.
4:48 of 2nd period - Deflect By Dmitrij Jaskin.
4:48 of 2nd period - Shot Misses the Net.
4:48 of 2nd period - Puck is out of play.
4:49 of 2nd period - Daniel O'regan wins face-off versus Drake Caggiula in Little Stars zone.
5:46 of 2nd period - Snap shot by Joseph Blandisi.
5:46 of 2nd period - Deflect By Jared McCann.
5:46 of 2nd period - Stopped by Connor Knapp without a rebound.
5:47 of 2nd period - Jonathan Marchessault wins face-off versus Daniel O'regan in Little Stars zone.
5:48 of 2nd period - Wrist shot by Dmitrij Jaskin.
5:48 of 2nd period - Shot Hit the Post.
5:50 of 2nd period - Slapshot by John Ramage.
5:50 of 2nd period - Shot Blocked by Daniel O'regan.
5:52 of 2nd period - Wrist shot by Daniel Carr.
5:52 of 2nd period - Deflect By Eric Knodel.
5:52 of 2nd period - Goal by Daniel Carr - Little Stars : 0 - Eagles : 1.
5:53 of 2nd period - Jonathan Marchessault wins face-off versus Jordan LaVallee in neutral zone.
5:56 of 2nd period - Slapshot by Stefan Elliott.
5:56 of 2nd period - Shot Blocked by Ilya Mikheyev.
6:02 of 2nd period - Wrist shot by Jordan LaVallee.
6:02 of 2nd period - Shot Blocked by Jonathan Marchessault.
6:04 of 2nd period - Wrist shot by Ilya Mikheyev.
6:04 of 2nd period - Stopped by Antoine Bibeau without a rebound.
6:05 of 2nd period - Jonathan Marchessault wins face-off versus Daniel O'regan in Eagles zone.
6:55 of 2nd period - Wrist shot by Jason Dickinson.
6:55 of 2nd period - Shot Misses the Net.
6:57 of 2nd period - Wrist shot by Anton Cederholm.
6:57 of 2nd period - Shot Misses the Net.
6:59 of 2nd period - Wrist shot by Joakim Nygard.
6:59 of 2nd period - Shot Blocked by John Ramage.
7:19 of 2nd period - Snap shot by Matt Luff.
7:19 of 2nd period - Stopped by Antoine Bibeau with a rebound.
7:21 of 2nd period - Snap shot by Roman Horak.
7:21 of 2nd period - Stopped by Antoine Bibeau with a rebound.
7:23 of 2nd period - Snap shot by Matt Luff.
7:23 of 2nd period - Deflect By Michael Mersch.
7:23 of 2nd period - Stopped by Antoine Bibeau with a rebound.
7:43 of 2nd period - Snap shot by Tomas Tatar.
7:43 of 2nd period - Stopped by Connor Knapp without a rebound.
7:44 of 2nd period - Joseph Blandisi wins face-off versus Henrik Borgstrom in Little Stars zone.
7:45 of 2nd period - Snap shot by Jared McCann.
7:45 of 2nd period - Stopped by Connor Knapp without a rebound.
7:46 of 2nd period - Zach Aston-Reese wins face-off versus Henrik Borgstrom in Little Stars zone.
8:24 of 2nd period - Snap shot by Jordan LaVallee.
8:24 of 2nd period - Shot Misses the Net.
8:56 of 2nd period - Slapshot by Stefan Elliott.
8:56 of 2nd period - Shot Blocked by Anton Cederholm.
9:46 of 2nd period - Snap shot by Jordan LaVallee.
9:46 of 2nd period - Shot Blocked by Daniel Carr.
9:48 of 2nd period - Backhand shot by Reece Willcox.
9:48 of 2nd period - Shot Misses the Net.
9:58 of 2nd period - Thomas Chabot is hit by Tucker Poolman and loses puck.
10:07 of 2nd period - Snap shot by Joakim Nygard.
10:07 of 2nd period - Goal by Joakim Nygard - Little Stars : 1 - Eagles : 1.
10:08 of 2nd period - Drake Caggiula wins face-off versus Daniel O'regan in neutral zone.
10:11 of 2nd period - Backhand shot by Tomas Tatar.
10:11 of 2nd period - Shot Blocked by Tucker Poolman.
10:35 of 2nd period - Sebastian Wannstrom is hit by Jared McCann and loses puck.
11:02 of 2nd period - Wrist shot by Tomas Tatar.
11:02 of 2nd period - Stopped by Connor Knapp with a rebound.
11:08 of 2nd period - Minor Penalty to Matt Luff for Hooking.
11:09 of 2nd period - Daniel O'regan wins face-off versus Jonathan Marchessault in Little Stars zone.
11:09 of 2nd period - Daniel O'regan is hit by Dmitrij Jaskin.
12:17 of 2nd period - Tomas Tatar is hit by Reece Willcox.
13:08 of 2nd period - Penalty to Matt Luff is over, Matt Luff is back on ice.
13:23 of 2nd period - Backhand shot by Joseph Blandisi.
13:23 of 2nd period - Stopped by Connor Knapp with a rebound.
13:25 of 2nd period - Wrist shot by Jared McCann.
13:25 of 2nd period - Shot Misses the Net.
13:27 of 2nd period - Slapshot by Zach Aston-Reese.
13:27 of 2nd period - Shot Blocked by Anton Cederholm.
13:39 of 2nd period - Wrist shot by Jason Dickinson.
13:39 of 2nd period - Stopped by Antoine Bibeau without a rebound.
13:40 of 2nd period - Jared McCann wins face-off versus Jason Dickinson in Eagles zone.
14:07 of 2nd period - Icing by Thomas Chabot.
14:08 of 2nd period - Drake Caggiula wins face-off versus Daniel O'regan in Eagles zone.
14:32 of 2nd period - Jordan LaVallee is hit by Matteson Iacopelli and loses puck.
15:59 of 2nd period - Slapshot by Tomas Tatar.
15:59 of 2nd period - Stopped by Connor Knapp with a rebound.
16:17 of 2nd period - Wrist shot by Daniel O'regan.
16:17 of 2nd period - Stopped by Antoine Bibeau without a rebound.
16:18 of 2nd period - Henrik Borgstrom wins face-off versus Jonathan Marchessault in Eagles zone.
16:29 of 2nd period - Slapshot by Stefan Elliott.
16:29 of 2nd period - Stopped by Connor Knapp with a rebound.
16:50 of 2nd period - Slapshot by Stefan Elliott.
16:50 of 2nd period - Stopped by Connor Knapp with a rebound.
16:56 of 2nd period - Wrist shot by Zach Aston-Reese.
16:56 of 2nd period - Shot Blocked by Joakim Nygard.
17:02 of 2nd period - Minor Penalty to Reece Willcox for Slashing.
17:03 of 2nd period - Jonathan Marchessault wins face-off versus Henrik Borgstrom in Little Stars zone.
17:08 of 2nd period - Wrist shot by Jonathan Marchessault.
17:08 of 2nd period - Shot Blocked by Tyler Wotherspoon.
19:02 of 2nd period - Penalty to Reece Willcox is over, Reece Willcox is back on ice.
19:22 of 2nd period - Michael Mersch is hit by Tomas Tatar and loses puck.
19:37 of 2nd period - Slapshot by Stefan Elliott.
19:37 of 2nd period - Stopped by Connor Knapp with a rebound.
19:53 of 2nd period - Stefan Elliott is hit by Michael Mersch.
Goals for this period are 1 for Little Stars vs 1 for Eagles.
Shots for this period are 11 for Little Stars vs 15 for Eagles.

3rd period


0:01 of 3rd period - Daniel O'regan wins face-off versus Jonathan Marchessault in neutral zone.
0:34 of 3rd period - Anton Cederholm is hit by Stefan Elliott.
1:00 of 3rd period - Snap shot by Ryan Murphy.
1:00 of 3rd period - Shot Misses the Net.
1:10 of 3rd period - Wrist shot by Sebastian Wannstrom.
1:10 of 3rd period - Shot Misses the Net.
1:38 of 3rd period - Snap shot by Jordan LaVallee.
1:38 of 3rd period - Shot Blocked by Jared McCann.
1:40 of 3rd period - Snap shot by Daniel O'regan.
1:40 of 3rd period - Shot Misses the Net.
1:42 of 3rd period - Wrist shot by Eric Knodel.
1:42 of 3rd period - Shot Blocked by Thomas Chabot.
1:48 of 3rd period - Backhand shot by Jordan LaVallee.
1:48 of 3rd period - Shot Blocked by Michael Dal Colle.
2:04 of 3rd period - Snap shot by Jason Dickinson.
2:04 of 3rd period - Stopped by Antoine Bibeau with a rebound.
3:01 of 3rd period - Icing by Roman Horak.
3:02 of 3rd period - Roman Horak wins face-off versus Drake Caggiula in Little Stars zone.
3:08 of 3rd period - Minor Penalty to Tomas Tatar for Roughing.
3:09 of 3rd period - Daniel Carr wins face-off versus Daniel O'regan in Eagles zone.
5:08 of 3rd period - Penalty to Tomas Tatar is over, Tomas Tatar is back on ice.
5:15 of 3rd period - Tyler Motte is hit by Roman Horak.
5:27 of 3rd period - Wrist shot by Michael Mersch.
5:27 of 3rd period - Stopped by Antoine Bibeau without a rebound.
5:28 of 3rd period - Jared McCann wins face-off versus Jason Dickinson in Eagles zone.
5:37 of 3rd period - Slapshot by Joakim Nygard.
5:37 of 3rd period - Stopped by Antoine Bibeau without a rebound.
5:38 of 3rd period - Jason Dickinson wins face-off versus Daniel Carr in Eagles zone.
6:10 of 3rd period - Slapshot by Ilya Mikheyev.
6:10 of 3rd period - Stopped by Antoine Bibeau with a rebound.
6:12 of 3rd period - Snap shot by Eric Knodel.
6:12 of 3rd period - Stopped by Antoine Bibeau without a rebound.
6:13 of 3rd period - Henrik Borgstrom wins face-off versus Jonathan Marchessault in Eagles zone.
6:14 of 3rd period - Snap shot by Sebastian Wannstrom.
6:14 of 3rd period - Deflect By Adam Tambellini.
6:14 of 3rd period - Stopped by Antoine Bibeau without a rebound.
6:15 of 3rd period - Jonathan Marchessault wins face-off versus Henrik Borgstrom in Eagles zone.
6:26 of 3rd period - Slapshot by Dmitrij Jaskin.
6:26 of 3rd period - Goal by Dmitrij Jaskin - Little Stars : 1 - Eagles : 2.
6:27 of 3rd period - Jonathan Marchessault wins face-off versus Daniel O'regan in neutral zone.
6:32 of 3rd period - Slapshot by Stefan Elliott.
6:32 of 3rd period - Stopped by Connor Knapp with a rebound.
6:34 of 3rd period - Snap shot by Joel Edmundson.
6:34 of 3rd period - Shot Blocked by Anton Cederholm.
6:42 of 3rd period - Wrist shot by Daniel Carr.
6:42 of 3rd period - Stopped by Connor Knapp with a rebound.
6:52 of 3rd period - Drake Caggiula is hit by Sebastian Wannstrom and loses puck.
7:17 of 3rd period - Wrist shot by Jason Dickinson.
7:17 of 3rd period - Stopped by Antoine Bibeau with a rebound.
7:19 of 3rd period - Slapshot by Ville Pokka.
7:19 of 3rd period - Shot Blocked by Joseph Blandisi.
7:21 of 3rd period - Snap shot by Zach Budish.
7:21 of 3rd period - Shot Misses the Net.
7:23 of 3rd period - Slapshot by Ville Pokka.
7:23 of 3rd period - Shot Misses the Net.
7:25 of 3rd period - Slapshot by Ville Pokka.
7:25 of 3rd period - Stopped by Antoine Bibeau with a rebound.
7:43 of 3rd period - Snap shot by Dmitrij Jaskin.
7:43 of 3rd period - Stopped by Connor Knapp without a rebound.
7:44 of 3rd period - Daniel O'regan wins face-off versus Jonathan Marchessault in Little Stars zone.
7:44 of 3rd period - Daniel O'regan is hit by Jonathan Marchessault.
8:16 of 3rd period - Backhand shot by Tomas Tatar.
8:16 of 3rd period - Goal by Tomas Tatar - Little Stars : 1 - Eagles : 3.
8:17 of 3rd period - Jonathan Marchessault wins face-off versus Daniel O'regan in neutral zone.
9:06 of 3rd period - Eric Knodel is hit by Joseph Blandisi and loses puck.
9:45 of 3rd period - Slapshot by Adam Tambellini.
9:45 of 3rd period - Stopped by Antoine Bibeau without a rebound.
9:46 of 3rd period - Henrik Borgstrom wins face-off versus Drake Caggiula in Eagles zone.
9:49 of 3rd period - Snap shot by Henrik Borgstrom.
9:49 of 3rd period - Shot Blocked by Ryan Murphy.
9:51 of 3rd period - Wrist shot by Sebastian Wannstrom.
9:51 of 3rd period - Stopped by Antoine Bibeau with a rebound.
9:53 of 3rd period - Slapshot by Tucker Poolman.
9:53 of 3rd period - Shot Blocked by Matteson Iacopelli.
10:15 of 3rd period - Wrist shot by Daniel O'regan.
10:15 of 3rd period - Shot Misses the Net.
10:17 of 3rd period - Snap shot by Daniel O'regan.
10:17 of 3rd period - Deflect By Zach Aston-Reese.
10:17 of 3rd period - Shot Misses the Net.
10:17 of 3rd period - Puck is out of play.
10:18 of 3rd period - Daniel O'regan wins face-off versus Jonathan Marchessault in Eagles zone.
10:25 of 3rd period - Snap shot by Jordan LaVallee.
10:25 of 3rd period - Stopped by Antoine Bibeau with a rebound.
10:27 of 3rd period - Wrist shot by Jordan LaVallee.
10:27 of 3rd period - Goal by Jordan LaVallee - Little Stars : 2 - Eagles : 3.
10:28 of 3rd period - Daniel O'regan wins face-off versus Jonathan Marchessault in neutral zone.
11:28 of 3rd period - Minor Penalty to Sebastian Wannstrom for Hooking.
11:29 of 3rd period - Jonathan Marchessault wins face-off versus Jordan LaVallee in Little Stars zone.
11:30 of 3rd period - Wrist shot by Dmitrij Jaskin.
11:30 of 3rd period - Stopped by Connor Knapp with a rebound.
11:38 of 3rd period - Daniel Carr is hit by Jordan LaVallee and loses puck.
11:43 of 3rd period - Snap shot by Jordan LaVallee.
11:43 of 3rd period - Shot Misses the Net.
11:55 of 3rd period - Daniel O'regan is hit by Drake Caggiula.
12:33 of 3rd period - Adam Tambellini is hit by John Ramage and loses puck.
13:28 of 3rd period - Penalty to Sebastian Wannstrom is over, Sebastian Wannstrom is back on ice.
13:36 of 3rd period - Wrist shot by Joseph Blandisi.
13:36 of 3rd period - Shot Blocked by Eric Knodel.
13:38 of 3rd period - Slapshot by Connor Carrick.
13:38 of 3rd period - Stopped by Connor Knapp with a rebound.
13:40 of 3rd period - Slapshot by Connor Carrick.
13:40 of 3rd period - Stopped by Connor Knapp without a rebound.
13:41 of 3rd period - Roman Horak wins face-off versus Zach Aston-Reese in Little Stars zone.
13:50 of 3rd period - Slapshot by Roman Horak.
13:50 of 3rd period - Shot Misses the Net.
14:15 of 3rd period - Slapshot by Jason Dickinson.
14:15 of 3rd period - Shot Misses the Net.
14:44 of 3rd period - Icing by Stefan Elliott.
14:45 of 3rd period - Jonathan Marchessault wins face-off versus Henrik Borgstrom in Eagles zone.
14:51 of 3rd period - Snap shot by Daniel Carr.
14:51 of 3rd period - Stopped by Connor Knapp without a rebound.
14:52 of 3rd period - Jonathan Marchessault wins face-off versus Ilya Mikheyev in Little Stars zone.
15:24 of 3rd period - Off-side.
15:25 of 3rd period - Henrik Borgstrom wins face-off versus Zach Aston-Reese in neutral zone.
15:30 of 3rd period - Snap shot by Adam Tambellini.
15:30 of 3rd period - Stopped by Antoine Bibeau without a rebound.
15:31 of 3rd period - Zach Aston-Reese wins face-off versus Jason Dickinson in Eagles zone.
15:36 of 3rd period - Wrist shot by Joseph Blandisi.
15:36 of 3rd period - Deflect By Zach Aston-Reese.
15:36 of 3rd period - Stopped by Connor Knapp without a rebound.
15:37 of 3rd period - Jason Dickinson wins face-off versus Daniel Carr in Little Stars zone.
16:38 of 3rd period - Minor Penalty to Henrik Borgstrom for Holding.
16:39 of 3rd period - Jonathan Marchessault wins face-off versus Daniel O'regan in Little Stars zone.
16:52 of 3rd period - Snap shot by Dmitrij Jaskin.
16:52 of 3rd period - Shot Misses the Net.
17:18 of 3rd period - Wrist shot by Drake Caggiula.
17:18 of 3rd period - Stopped by Connor Knapp without a rebound.
17:19 of 3rd period - Drake Caggiula wins face-off versus Daniel O'regan in Little Stars zone.
17:28 of 3rd period - Snap shot by Drake Caggiula.
17:28 of 3rd period - Shot Misses the Net.
17:30 of 3rd period - Slapshot by Drake Caggiula.
17:30 of 3rd period - Shot Hit the Post.
17:32 of 3rd period - Slapshot by Tomas Tatar.
17:32 of 3rd period - Shot Blocked by Adam Tambellini.
18:38 of 3rd period - Penalty to Henrik Borgstrom is over, Henrik Borgstrom is back on ice.
18:52 of 3rd period - Icing by Jared McCann.
18:53 of 3rd period - Ilya Mikheyev wins face-off versus Jonathan Marchessault in Eagles zone.
18:54 of 3rd period - Little Stars, Connor Knapp is pulled from the net.
19:00 of 3rd period - Wrist shot by Ilya Mikheyev.
19:00 of 3rd period - Shot Blocked by Connor Carrick.
19:02 of 3rd period - Snap shot by Tucker Poolman.
19:02 of 3rd period - Stopped by Antoine Bibeau with a rebound.
19:04 of 3rd period - Wrist shot by Jordan LaVallee.
19:04 of 3rd period - Deflect By Connor Carrick.
19:04 of 3rd period - Stopped by Antoine Bibeau with a rebound.
19:06 of 3rd period - Wrist shot by Daniel O'regan.
19:06 of 3rd period - Shot Blocked by Jonathan Marchessault.
19:48 of 3rd period - Snap shot by Ilya Mikheyev.
19:48 of 3rd period - Stopped by Antoine Bibeau without a rebound.
19:49 of 3rd period - Claude Julien call a timeout for Little Stars.
19:49 of 3rd period - Daniel O'regan wins face-off versus Jonathan Marchessault in Eagles zone.
19:50 of 3rd period - Snap shot by Ilya Mikheyev.
19:50 of 3rd period - Shot Blocked by Stefan Elliott.
Goals for this period are 1 for Little Stars vs 2 for Eagles.
Shots for this period are 16 for Little Stars vs 11 for Eagles.